 Dungeon Crawl Stone Soup version 0.25.1-2-g60ff931df9 (webtiles) character file.

Game seed: 5340995731225420735

3375 Arcadio the Poker (level 9, -3/67 HPs)
             Began as a Centaur Gladiator on Dec 3, 2020.
             Was a Follower of Hepliaklqana.
             Slain by Gastronok (25 damage)
             ... on level 8 of the Dungeon.
             The game lasted 00:43:09 (7548 turns).

Arcadio the Poker (Centaur Gladiator)               Turns: 7548, Time: 00:43:10

Health: -3/67      AC:  5    Str: 18    XL:     9   Next: 74%
Magic:  11/11      EV: 13    Int:  3    God:    Hepliaklqana [*.....]
Gold:   134        SH:  0    Dex: 19    Spells: 7/8 levels left

rFire    . . .     SeeInvis .   a - +9 glaive "Uneom" {pain, rElec rC+ MR++ Int-4}
rCold    + . .     Gourm    .   (shield currently unavailable)
rNeg     . . .     Faith    .   j - +0 leather armour
rPois    +         Spirit   .   c - +0 helmet
rElec    +         Reflect  .   (no cloak)
rCorr    .         Harm     .   (no gloves)
MR       ++...                  (no barding)
Stlth    +.........             (no amulet)
HPRegen  0.21/turn              v - +6 ring of dexterity
MPRegen  0.12/turn              r - ring of poison resistance

@: very quick
A: large, reduced essence, hooves 3, deformed body, speed 2, tough skin 3
a: Recall Ancestor, Ancestor Identity, Renounce Religion


You were on level 8 of the Dungeon.
You worshipped Hepliaklqana.
Hepliaklqana was aware of your devotion.
You were not hungry.

You visited 2 branches of the dungeon, and saw 9 of its levels.

You collected 279 gold pieces.
You donated 145 gold pieces to Zin.

Inventory:

Hand Weapons
 a - the +9 glaive "Uneom" (weapon) {pain, rElec rC+ MR++ Int-4}
   (You found it on level 4 of the Dungeon)

   In the hands of one skilled in necromantic magic, it inflicts extra damage on
   living creatures.
   It affects your intelligence (-4).
   It protects you from cold.
   It insulates you from electricity.
   It affects your resistance to hostile enchantments.
 b - a +0 longbow
 y - a +0 trident
 G - a +0 hunting sling
 S - a +2 whip of freezing
Missiles
 d - 4 throwing nets
 e - 38 sling bullets
 h - 74 bolts
 i - 141 stones
 I - 7 boomerangs
 J - 8 arrows
 R - 3 javelins (quivered)
Armour
 c - a +0 helmet (worn)
 j - a +0 leather armour (worn)
 t - a +0 buckler
 u - a +0 ring mail
 A - a +0 chain mail
 Q - a +0 kite shield
Jewellery
 l - an uncursed ring of ice
 r - a ring of poison resistance (right hand)
 v - a +6 ring of dexterity (left hand)
 F - an uncursed ring of ice
 N - an uncursed ring of attention
Wands
 H - a wand of digging (1)
 L - a wand of iceblast (5)
Scrolls
 k - 2 scrolls of immolation
 m - a scroll of random uselessness
 o - a scroll of teleportation
 q - a scroll of blinking {unknown}
 s - 3 scrolls of magic mapping
 w - 5 scrolls of remove curse
 E - 2 scrolls of amnesia
 K - a scroll of torment {unknown}
 M - a scroll of fear {unknown}
Potions
 g - 6 potions of heal wounds
 n - 3 potions of ambrosia
 p - a potion of lignification
 x - 3 potions of curing
 z - a potion of might
 B - 3 potions of invisibility
 C - 2 potions of stabbing
 D - a potion of magic
 O - a potion of brilliance {unknown}
 P - a potion of cancellation {unknown}
 T - a potion of flight
Comestibles
 f - 26 rations
 U - 5 chunks of flesh


   Skills:
 + Level 6.2 Fighting
 + Level 7.6 Polearms
 + Level 6.1 Bows
 - Level 2.1 Throwing
 + Level 2.0 Armour
 - Level 5.8 Dodging
 + Level 3.9 Invocations


You had 7 spell levels left.
You knew the following spells:

 Your Spells              Type           Power        Failure   Level  Hunger
a - Sting                 Tmut/Pois      #...         58%         1    ##.....

Your spell library contained the following spells:

 Spells                   Type           Power        Failure   Level  Hunger
 Sandblast                Erth           #.....       58%         1    ##.....
 Shock                    Conj/Air       #...         58%         1    ##.....
 Swiftness                Chrm/Air       #.......     73%         2    ###....
 Spider Form              Tmut/Pois      #.........   91%         3    ####...
 Static Discharge         Conj/Air       #.......     91%         3    ####...
 Stone Arrow              Conj/Erth      #.....       91%         3    ####...
 Airstrike                Air            #.........   100%        4    #####..
 Petrify                  Tmut/Erth      #.......     100%        4    #####..
 Agony                    Necr           #.......     100%        5    ######.
 Borgnjor's Vile Clutch   Necr/Erth      #.........   100%        5    ######.
 Excruciating Wounds      Chrm/Necr      #.........   100%        5    ######.
 Lightning Bolt           Conj/Air       #.........   100%        5    ######.
 Iron Shot                Conj/Erth      #.........   100%        6    #######
 Simulacrum               Ice/Necr       #.........   100%        6    #######


Dungeon Overview and Level Annotations

Branches:
Dungeon (8/15)             Temple (1/1) D:6
   Lair: D:8-11

Altars:
Ashenzari
Cheibriados
Dithmenos
Elyvilon
Fedhas
Gozag
Hepliaklqana
Kikubaaqudgha
Nemelex Xobeh
Qazlal
Ru
Sif Muna
Trog
Uskayaw
Vehumet
Wu Jian
Xom
Yredelemnul
Zin

Shops:
D:7 *

Annotations:
D:8 Gastronok


Innate Abilities, Weirdness & Mutations

You have hooves in place of feet.
Armour fits poorly on your strangely shaped body.
You cover ground very quickly.
You have extremely tough skin. (AC +3)
Your life essence is reduced to manifest your ancestor. (-10% HP)


Message History

Gastronok is moderately wounded.
Gastronok closely misses you.
You slice Gastronok!! You kick Gastronok.
Gastronok is heavily wounded.
You slash Gastronok! You kick Gastronok!
Gastronok is severely wounded.
Gastronok waves his eye-stalks in wide circles.
The air twists around and strikes you!!
You slash Gastronok!
Gastronok is severely wounded.
Gastronok closely misses you.
You slash Gastronok! You kick Gastronok.
Gastronok is severely wounded.
You hit Gastronok. You kick Gastronok.
Gastronok is severely wounded.
Gastronok bites you!!
You slice Gastronok!!
Gastronok is almost dead.
Gastronok bites you!!
You die...

#. #(### #. #...#
##.###.#.# ##
#......#.##.###.#
#.............#
#.....รท.#.##..
#...###.# ##w##
#.# #@# #.# #.#
#.#
###.####......#
#.....#####.###
#.....# # #.....#
#.....####
#.<.......
######.###


You could see Gastronok.

Vanquished Creatures
  Pikel (D:7)
  A hippogriff (D:7)
  3 orc warriors
  A slave (D:7)
  An ice beast (D:7)
  2 necrophages
  3 ogres (D:7)
  3 phantoms
  A centaur (D:7)
  3 bullfrogs
  A scorpion (D:3)
  3 killer bees (D:7)
  2 howler monkeys (D:8)
  A crimson imp (D:4)
  A bullfrog skeleton (D:4)
  A centaur skeleton (D:6)
  7 orc wizards
  10 orc priests
  3 iguanas
  9 worker ants
  A hound skeleton (D:6)
  A worker ant zombie (D:6)
  A howler monkey skeleton (D:5)
  7 adders
  3 gnolls (D:5)
  A shadow imp (D:6)
  4 leopard geckos
  26 orcs
  4 bats
  A giant cockroach (D:4)
  6 goblins
  6 hobgoblins
  3 jackals (D:1)
  4 quokkas
  3 ball pythons
  5 frilled lizards
  8 kobolds
  A quokka skeleton (D:6)
  A quokka zombie (D:6)
  3 rats
146 creatures vanquished.

Vanquished Creatures (collateral kills)
  An ice beast (D:6)
1 creature vanquished.

Vanquished Creatures (others)
  2 slaves (D:7)
  An orc wizard (D:7)
  A bullfrog skeleton (D:7)
  An ancestor (D:6)
  A quokka (D:4)
6 creatures vanquished.

Grand Total: 153 creatures vanquished

Notes
Turn   | Place    | Note
-------+----------+-------------------------------------------
     0 | D:1      | Arcadio the Centaur Gladiator began the quest for the Orb.
     0 | D:1      | Reached XP level 1. HP: 17/17 MP: 1/1
   159 | D:1      | Reached skill level 3 in Polearms
   163 | D:1      | Reached XP level 2. HP: 21/24 MP: 2/2
   844 | D:2      | Reached XP level 3. HP: 22/29 MP: 3/3
  1427 | D:2      | Found a radiant altar of Vehumet.
  1678 | D:2      | Reached XP level 4. HP: 28/36 MP: 4/4
  2226 | D:3      | Found a faded altar of an unknown god.
  2293 | D:3      | Reached skill level 4 in Polearms
  2491 | D:4      | Found a white marble altar of Elyvilon.
  2503 | D:4      | Reached XP level 5. HP: 39/41 MP: 5/5
  2521 | D:4      | Noticed a phantom
  2943 | D:4      | Reached XP level 6. HP: 48/48 MP: 6/6
  2966 | D:4      | Reached skill level 5 in Polearms
  3344 | D:4      | Got a polished glaive
  3350 | D:4      | Identified the +9 glaive "Uneom" {pain, rElec rC+ MR++
                  | Int-4} (You found it on level 4 of the Dungeon)
  3526 | D:4      | Found a bloodstained altar of Trog.
  3562 | D:5      | Entered Level 5 of the Dungeon
  3671 | D:5      | Reached XP level 7. HP: 48/56 MP: 7/7
  3890 | D:5      | Found a blossoming altar of Fedhas.
  4107 | D:5      | Found a sacrificial altar of Ru.
  4337 | D:5      | Reached skill level 1 in Bows
  4794 | D:6      | Found a shadowy altar of Dithmenos.
  4809 | D:6      | Reached skill level 6 in Polearms
  4816 | D:6      | Identified Pohel's Handbook of Noxious Evil Rites
  4820 | D:6      | Learned a level 1 spell: Sting
  4863 | D:6      | Reached skill level 5 in Dodging
  4864 | D:6      | Reached XP level 8. HP: 58/66 MP: 8/8
  5452 | D:6      | Found a staircase to the Ecumenical Temple.
  5480 | Temple   | Entered the Ecumenical Temple
  5714 | Temple   | Became a worshipper of Zin the Law-Giver
  5714 | Temple   | Reached * piety under Zin
  5720 | Temple   | Donated 119 gold pieces to Zin
  5732 | Temple   | Fell from the grace of Zin
  5732 | Temple   | Became a worshipper of Elyvilon the Healer
  5742 | Temple   | Fell from the grace of Elyvilon
  5746 | Temple   | Became a worshipper of Hepliaklqana the Forgotten
  6111 | D:7      | Found a stormy altar of Qazlal.
  6113 | D:7      | Found a hide-covered altar of Uskayaw.
  6114 | D:7      | Found a shattered altar of Ashenzari.
  6115 | D:7      | Found a shimmering altar of Xom.
  6116 | D:7      | Found a sparkling altar of Nemelex Xobeh.
  6127 | D:7      | Reached skill level 5 in Fighting
  6131 | D:7      | Reached skill level 1 in Invocations
  6371 | D:7      | Reached XP level 9. HP: 39/66 MP: 10/10
  6378 | D:7      | Reached skill level 7 in Polearms
  6669 | D:7      | Identified Wirhoommue's Grimoire of Stones
  6763 | D:7      | Reached skill level 5 in Bows
  6763 | D:7      | Noticed Pikel
  6774 | D:7      | Killed Pikel
  6774 | D:7      | Reached skill level 1 in Armour
  7021 | D:7      | Found Wuqadgh's Elemental Accessories.
  7087 | D:7      | Reached * piety under Hepliaklqana
  7526 | D:8      | Noticed Gastronok
  7548 | D:8      | Slain by Gastronok

Illustrated notes

Levels and vault maps discovered:
D:1:      kennysheep_arrival_forest, layout_basic
D:2:      layout_basic, nicolae_overflow_crystal_walls
D:3:      layout_rooms, serial_bayou, serial_bayou_pond_d,
          serial_bayou_crossing, serial_bayou_shore_a, serial_bayou_lagoon_a,
          chequers_ecumenical_altar_twisty
D:4:      layout_rooms, lightli_temple_of_fire, elyvilon_altar_4
D:5:      layout_loops_ring, fedhas_altar_3, first_ration, basic_altar
D:6:      layout_basic, grunt_dithmenos_smoke_and_mirrors, temple_statues
D:7:      layout_layer_cave, grunt_temple_overflow_open, fountainhead,
          grunt_ogre_cave, nicolae_elemental_shop, uniq_pikel
D:8:      layout_loops_cross, minmay_ruffians, uniq_gastronok
Temple:   jpeg_temple_alley_garden

Skill      XL: |  1  2  3  4  5  6  7  8  9 |
---------------+----------------------------+-----
Polearms       | 3 4 5 6 7 |  7.6
Dodging        | 3 4 5 |  5.8
Fighting       | 3 5 6 |  6.2
Bows           | 2 4 6 |  6.1
Invocations    | 1 3 |  3.9
Armour         | 2 |  2.0
Throwing       | |  2.1

Action                   |  1- 3 |  4- 6 |  7- 9 || total
-------------------------+-------+-------+-------++-------
Melee: Trident           |    87 |   104 |       ||   191
       Kick              |     9 |    30 |    27 ||    66
       Glaive            |       |    15 |   159 ||   174
 Fire: Hunting sling     |     7 |    22 |     5 ||    34
       Longbow           |       |       |    17 ||    17
Throw: Stone             |    33 |     3 |       ||    36
       Throwing net      |     2 |       |     1 ||     3
       Javelin           |       |       |    18 ||    18
Invok: Donate Gold       |       |       |     1 ||     1
       Recall Ancestor   |       |       |     1 ||     1
       Ancestor Identity |       |       |     1 ||     1
       Renounce Religion |       |       |     1 ||     1
  Use: Scroll            |     3 |     5 |     8 ||    16
 Stab: Sleeping          |       |       |     1 ||     1
  Eat: Chunk             |     1 |     6 |    10 ||    17
Armor: Leather armour    |    31 |    20 |    18 ||    69
Dodge: Dodged            |    33 |    39 |    67 ||   139
Block: Buckler           |       |    22 |       ||    22
